Selects Panzerjäger Kommand Battlegroup
Kradschützen Motorcycle Team
Construct Light Support Kompanie
Construct Mechanized Kompanie
Panzerjäger Mechanized Group
254 Reconnaissance Tractor
Selects Defensive Positions
Selects Crew Shock Tactics
Selects Defensive Positions
Marder III Tank Destroyer
Selects Anti-tank Overwatch
Marder III Tank Destroyer
254 Reconnaissance Tractor
Construct Panzerarmee Kommand
Selects Butterfly Bomb Drop